 Dungeon Crawl Stone Soup version 0.28-a0-751-gef3a642a4e (webtiles) character file.

Game seed: 1293418141962166315

636 croobank the Digger (level 7, -7/38 HPs)
             Began as a Gargoyle Earth Elementalist on Oct 31, 2021.
             Mangled by a gnoll sergeant (11 damage)
             ... on level 6 of the Dungeon.
             The game lasted 00:32:41 (4891 turns).

croobank the Digger (Gargoyle Earth Elementalist)   Turns: 4891, Time: 00:32:41

Health: -7/38      AC:  6    Str: 14    XL:     7   Next: 50%
Magic:  7/14       EV: 12    Int: 15    God:
Gold:   198        SH:  0    Dex: 10    Spells: 10/15 levels left

rFire   . . .      SeeInvis +   h - +2 short sword (drain)
rCold   . . .      Faith    .   (no shield)
rNeg    + . .      Spirit   .   b - +0 robe
rPois   ∞          Reflect  .   (no helmet)
rElec   +          Harm     .   (no cloak)
rCorr   .          Rampage  .   (no gloves)
Will    .....                   (no boots)
Stlth   ++........              (no amulet)
HPRegen 0.12/turn               q - ring of see invisible
MPRegen 0.14/turn               (no ring)

@: no status effects
A: sickness immunity, AC +4, negative energy resistance 1, electricity
resistance, torment resistance 1, petrification resistance
a: no special abilities


You were on level 6 of the Dungeon.
You visited 1 branch of the dungeon, and saw 6 of its levels.

You collected 198 gold pieces.

Inventory:

Hand Weapons
 e - a +0 dagger
 h - a +2 short sword of draining (weapon)
 y - a +0 long sword
 A - a +0 morningstar
 B - a +0 spear
 D - a +3 mace
 G - a +0 scimitar
Missiles
 c - 75 stones
 d - 36 bolts
 o - 38 arrows
 x - 2 throwing nets
 E - 12 sling bullets
Armour
 a - a +0 scale mail
 b - a +0 robe (worn)
 g - a +0 ring mail
Jewellery
 q - a ring of see invisible (left hand)
Wands
 v - a wand of polymorph (10)
 I - a wand of iceblast (10)
Scrolls
 k - 2 scrolls of silence
 m - 2 scrolls of fog {unknown}
 n - 3 scrolls of teleportation
 p - a scroll of amnesia
 r - 2 scrolls of enchant armour {unknown}
 t - a scroll of acquirement {unknown}
 u - a scroll of fear {unknown}
 C - a scroll of immolation {unknown}
 F - a scroll of noise {unknown}
 H - a scroll of blinking {unknown}
 J - a scroll of enchant weapon {unknown}
Potions
 f - a potion of degeneration
 i - a potion of brilliance
 j - 2 potions of mutation {unknown}
 l - a potion of curing {unknown}
 s - a potion of magic {unknown}
 w - a potion of invisibility {unknown}
 z - a potion of cancellation {unknown}


   Skills:
 + Level 1.0 Fighting
 + Level 2.4 Short Blades
 + Level 2.4 Dodging
 + Level 3.4 Stealth
 + Level 4.7 Spellcasting
 + Level 0.7 Transmutations
 + Level 6.2 Earth Magic


You had 10 spell levels left.
You knew the following spells:

 Your Spells              Type           Power      Damage    Failure   Level
a - Sandblast             Erth           44%        2d11      1%          1
b - Passwall              Tmut/Erth      11%        N/A       6%          2
c - Scorch                Fire           6%         2d5       26%         2

Your spell library contained the following spells:

 Spells                   Type           Power      Damage    Failure   Level
 Stone Arrow              Conj/Erth      24%        3d8       14%         3
 Petrify                  Tmut/Erth      14%        N/A       36%         4
 Flame Wave               Conj/Fire      3%         3d3       86%         4
 Summon Cactus Giant      Summ           1%         N/A       100%        6


Dungeon Overview and Level Annotations

Branches:
Dungeon (6/15)
 Temple: D:4-7

Altars:
Dithmenos

Shops:
D:1 ?


Innate Abilities, Weirdness & Mutations

You are immune to sickness and miasma.
Your stone body is resilient. (AC +4)
You are immune to poison.
You resist negative energy. (rN+)
You are resistant to electric shocks. (rElec)
You are resistant to unholy torment.
You are immune to petrification.


Message History

Aim: a gnoll sergeant, wielding a +1 trident of protection and wearing a +0 ring mail (heavily wounded, 86% to hit)
The blast of sand hits the gnoll sergeant but does no damage.
The gnoll sergeant is heavily wounded.
The gnoll sergeant hits you from afar with a +1 trident of protection.
Aiming: Sandblast (safe; 1% risk of failure)
Press: ? - help, Q - select action, (/) - cycle Shift-Dir - straight line, f/p - gnoll sergeant
Aim: a gnoll sergeant, wielding a +1 trident of protection and wearing a +0 ring mail (heavily wounded, 86% to hit)
The blast of sand hits the gnoll sergeant but does no damage.
The gnoll sergeant is heavily wounded.
The gnoll sergeant misses you.
Aiming: Sandblast (safe; 1% risk of failure)
Press: ? - help, Q - select action, (/) - cycle Shift-Dir - straight line, f/p - gnoll sergeant
Aim: a gnoll sergeant, wielding a +1 trident of protection and wearing a +0 ring mail (heavily wounded, 86% to hit)
The blast of sand hits the gnoll sergeant but does no damage.
The gnoll sergeant is heavily wounded.
The gnoll sergeant hits you but does no damage.
Aiming: Sandblast (safe; 1% risk of failure)
Press: ? - help, Q - select action, (/) - cycle Shift-Dir - straight line, f/p - gnoll sergeant
Aim: a gnoll sergeant, wielding a +1 trident of protection and wearing a +0 ring mail (heavily wounded, 86% to hit)
The blast of sand hits the gnoll sergeant but does no damage.
The gnoll sergeant is heavily wounded.
The gnoll sergeant hits you from afar with a +1 trident of protection.
The gnoll hits you from afar with a +0 spear.
The gnoll sergeant misses you.
There is an open door here.
You hit the gnoll sergeant but do no damage.
You drain the gnoll sergeant.
The gnoll sergeant is severely wounded.
The gnoll hits you from afar with a +0 spear.
The gnoll sergeant hits you with a +1 trident of protection.
You barely miss the gnoll sergeant.
The gnoll sergeant is severely wounded.
The gnoll barely misses you.
The gnoll sergeant hits you with a +1 trident of protection!
* * * LOW HITPOINT WARNING * * *
Unknown command.
Okay, then.
Okay, then.
The gnoll sergeant hits you from afar with a +1 trident of protection!
You die...

##.#. ...
... ... #.#
#g# #g#
##'##
##..@##
##.....##
#.......##
#........<#
+.........+
#.........#
##.......##
##.....##
##...##


You could see a gnoll sergeant (drained) and a gnoll.

Vanquished Creatures
  2 necrophages (D:5)
  A scorpion (D:5)
  A water moccasin skeleton (D:5)
  A hound (D:5)
  A jelly (D:4)
  A centaur skeleton (D:5)
  2 iguanas (D:5)
  A hound skeleton (D:5)
  2 gnolls (D:6)
  6 adders
  A shadow imp (D:5)
  A white imp (D:5)
  2 ufetubi (D:4)
  An adder skeleton (D:5)
  An adder zombie (D:5)
  2 worms
  3 dart slugs
  6 orcs
  6 bats
  9 endoplasms
  3 giant cockroaches
  4 hobgoblins
  2 jackals (D:3)
  4 quokkas
  5 ball pythons
  6 frilled lizards
  8 goblins
  6 kobolds
  5 rats
93 creatures vanquished.

Notes
Turn   | Place    | Note
-------+----------+-------------------------------------------
     0 | D:1      | croobank the Gargoyle Earth Elementalist began the quest
                  | for the Orb.
     0 | D:1      | Reached XP level 1. HP: 10/10 MP: 3/3
   140 | D:1      | Reached XP level 2. HP: 15/15 MP: 1/5
   221 | D:1      | Found a faded altar of an unknown god.
   306 | D:1      | Reached skill level 4 in Earth Magic
   564 | D:1      | Found Sykhluxesh's Magic Scroll Emporium.
  1050 | D:2      | Learned a level 2 spell: Passwall
  1074 | D:2      | Reached XP level 3. HP: 19/19 MP: 3/6
  2012 | D:3      | Reached XP level 4. HP: 24/24 MP: 5/8
  2634 | D:3      | Learned a level 2 spell: Scorch
  3012 | D:4      | Reached XP level 5. HP: 25/28 MP: 7/10
  3603 | D:5      | Entered Level 5 of the Dungeon
  3693 | D:5      | Reached skill level 5 in Earth Magic
  3693 | D:5      | Reached XP level 6. HP: 28/32 MP: 9/12
  3699 | D:5      | Reached skill level 1 in Short Blades
  4006 | D:5      | Found a shadowy altar of Dithmenos.
  4351 | D:5      | Noticed a necrophage
  4363 | D:5      | Killed a necrophage
  4364 | D:5      | Reached XP level 7. HP: 35/37 MP: 13/13
  4570 | D:5      | Reached skill level 1 in Fighting
  4570 | D:5      | Reached skill level 6 in Earth Magic
  4891 | D:6      | Mangled by a gnoll sergeant

Illustrated notes

Levels and vault maps discovered:
D:1:      shiori_shiawase, layout_basic, hellmonk_ecumenical_altar_heavens_door,
          serial_shops, nicolae_lakefront_shop, kennysheep_crisscross,
          hangedman_decor_growths
D:2:      layout_loops_ring
D:3:      layout_basic
D:4:      layout_cave_pools
D:5:      layout_basic, nicolae_dithmenos_shadow_blocks, lemuel_flamethrower_1
D:6:      layout_loops_corners, minmay_temple_entry_oklob

Skill      XL: |  1  2  3  4  5  6  7 |
---------------+----------------------+-----
Earth Magic    | 4 5 6 |  6.2
Spellcasting   | 3 4 |  4.7
Dodging        | 2 |  2.4
Stealth        | 3 |  3.4
Short Blades   | 2 |  2.4
Fighting       | 1 |  1.0
Transmutations | |  0.7

Action                   |  1- 3 |  4- 6 |  7- 9 || total
-------------------------+-------+-------+-------++-------
Melee: Dagger            |    40 |       |       ||    40
       Short sword       |     4 |    78 |    22 ||   104
 Cast: Sandblast         |    53 |    46 |    14 ||   113
  Use: Scroll            |     6 |       |       ||     6
 Stab: Sleeping          |       |     1 |       ||     1
Armor: Robe              |    12 |    35 |     7 ||    54
Dodge: Dodged            |    36 |    64 |    19 ||   119

Table legend: (Time is in decaauts)
 A = Elapsed time spent in this place.
 B = Non-inter-level travel time spent in this place.
 C = Inter-level travel time spent in this place.
 D = Time resting spent in this place.
 E = Time spent auto-exploring this place.
 F = Levels seen in this place.
 G = Mean time per level.
                   A        B        C        D        E       F      G
               +--------+--------+--------+--------+--------+-----+--------+
         Total |   4897 |   4787 |    110 |    868 |   2790 |   6 |  816.2 |
       Dungeon |   4897 |   4787 |    110 |    868 |   2790 |   6 |  816.2 |
               +--------+--------+--------+--------+--------+-----+--------+

Top non-repeatable levels by time:
     D:5: 1269 daAuts
     D:1: 1169 daAuts
     D:2: 925 daAuts
     D:3: 880 daAuts
     D:4: 632 daAuts
     D:6: 19 daAuts
